 Dungeon Crawl Stone Soup version 0.30-a0-634-g8abc85282e (webtiles) character file.

Game seed: 6987912904040088855

536 Citaku the Covered (level 7, -1/61 HPs)
             Began as a Minotaur Fighter on Jan 14, 2023.
             Slain by a gnoll
             ... wielding a +0 spear
             ... led by a gnoll bouda
              (5 damage)
             ... on level 4 of the Dungeon.
             The game lasted 00:04:06 (3234 turns).

Citaku the Covered (Minotaur Fighter)               Turns: 3234, Time: 00:04:06

Health: -1/61      AC:  7    Str: 22    XL:     7   Next: 4%
Magic:  6/6        EV:  9    Int:  5    God:
Gold:   204        SH:  5    Dex: 10    Spells: 6/6 levels left

rFire   . . .      SeeInvis .    a - +1 war axe
rCold   . . .      Faith    .    c - +0 buckler
rNeg    . . .      Spirit   .    b - +0 scale mail
rPois   .          Reflect  .    (helmet restricted)
rElec   .          Harm     .    (no cloak)
rCorr   .          Rampage  .    (no gloves)
Will    .....                    (no boots) Stlth
                                 (no amulet)
HPRegen 0.30/turn                (no ring)
MPRegen 0.10/turn                (no ring)

@: no status effects
A: horns 2, retaliatory headbutt
a: no special abilities


You were on level 4 of the Dungeon.
You visited 1 branch of the dungeon, and saw 4 of its levels.

You collected 204 gold pieces.

Inventory:

Hand Weapons
 a - a +1 war axe (weapon)
Armour
 b - a +0 scale mail (worn)
 c - a +0 buckler (worn)
Wands
 o - a wand of paralysis (8)
Scrolls
 f - 3 scrolls of teleportation {unknown}
 i - a scroll of blinking {unknown}
 j - 2 scrolls of amnesia {unknown}
 k - 2 scrolls of identify {unknown}
 m - a scroll of torment {unknown}
 q - a scroll of enchant armour {unknown}
Potions
 d - 4 potions of might
 g - 2 potions of mutation {unknown}
 h - a potion of invisibility {unknown}
 l - a potion of cancellation {unknown}
 n - 3 potions of curing {unknown}
 p - a potion of heal wounds {unknown}
 r - 2 potions of haste {unknown}
 s - a potion of ambrosia {unknown}


   Skills:
 + Level 5.1 Fighting
 * Level 5.7 Axes
 * Level 6.2 Armour
 + Level 5.1 Shields


You had 6 spell levels left.
You didn't know any spells.
Your spell library was empty.

Dungeon Overview and Level Annotations

Branches:
Dungeon (4/15)
 Temple: D:4-7

Altars:


Innate Abilities, Weirdness & Mutations

You have a pair of horns on your head.
You reflexively headbutt those who attack you in melee.


Message History

You headbutt the gnoll bouda.
The gnoll bouda is moderately wounded.
You hit the gnoll. You closely miss the gnoll.
The gnoll hits you with a +0 club.
* * * LOW HITPOINT WARNING * * *
The gnoll bouda hits you with a +0 whip.
* * * LOW HITPOINT WARNING * * *
You block the gnoll's attack. The gnoll barely misses you.
The gnoll hits you with a +0 club.
* * * LOW HITPOINT WARNING * * *
You hit the gnoll bouda.
The gnoll bouda is heavily wounded.
You hit the gnoll but do no damage. x2
The gnoll bouda hits you but does no damage.
You block the gnoll's attack. The gnoll closely misses you.
The gnoll barely misses you.
As you read the scroll labelled QUXZEN CEQIE, it crumbles to dust.
It is a scroll of enchant weapon.
Your +0 war axe glows red for a moment.
The gnoll bouda hits you with a +0 whip.
* * * LOW HITPOINT WARNING * * *
You block the gnoll's attack.
The gnoll hits you from afar with a +0 spear.
* * * LOW HITPOINT WARNING * * *
The gnoll barely misses you. You furiously retaliate!
You headbutt the gnoll!
You kill the gnoll!
You hit the gnoll bouda.
The gnoll bouda is severely wounded.
You hit the gnoll.
Your attacks no longer feel as feeble.
The gnoll bouda closely misses you. You block the gnoll's attack.
The gnoll barely misses you. The gnoll bouda barely misses you.
You block the gnoll's attack.
The gnoll hits you from afar with a +0 spear.
* * * LOW HITPOINT WARNING * * *
You slash the gnoll bouda!
You kill the gnoll bouda!
You hit the gnoll. The gnoll hits you but does no damage.
The gnoll hits you from afar with a +0 spear.
You die...

#.....##.#....##.#....
#.....###........#####
####### ##.......# .
###.##### # #.# # #.#
. #.# ########.#
#@)......#
#gg)).###### ###...#
#####


You could see 2 gnolls.

Vanquished Creatures
  2 gnoll boudas
  3 orc priests (D:4)
  Ijyb (D:3)
  3 orc wizards
  5 adders
  16 gnolls
  A worm (D:2)
  2 dart slugs
  11 orcs (D:4)
  7 bats
  7 endoplasms
  4 giant cockroaches (D:1)
  7 goblins
  10 hobgoblins
  11 jackals
  3 quokkas
  6 ball pythons
  3 frilled lizards
  7 kobolds
  5 rats
114 creatures vanquished.

Notes
Turn   | Place    | Note
-------+----------+-------------------------------------------
     0 | D:1      | Citaku the Minotaur Fighter began the quest for the Orb.
     0 | D:1      | Reached XP level 1. HP: 19/19 MP: 0/0
    75 | D:1      | Reached XP level 2. HP: 24/27 MP: 1/1
   207 | D:1      | Reached skill level 4 in Armour
   594 | D:1      | Reached XP level 3. HP: 33/33 MP: 2/2
   720 | D:2      | Reached XP level 4. HP: 29/40 MP: 3/3
   875 | D:2      | Found a faded altar of an unknown god.
  1137 | D:2      | Reached skill level 5 in Armour
  1137 | D:2      | Reached XP level 5. HP: 22/47 MP: 4/4
  2115 | D:3      | Noticed Ijyb
  2123 | D:3      | Paralysed by Ijyb for 2 turns
  2128 | D:3      | Paralysed by Ijyb for 3 turns
  2132 | D:3      | Killed Ijyb
  2133 | D:3      | Reached XP level 6. HP: 45/53 MP: 5/5
  2723 | D:4      | Reached skill level 5 in Axes
  2935 | D:4      | Reached skill level 5 in Fighting
  2935 | D:4      | Reached skill level 5 in Shields
  3026 | D:4      | Reached skill level 6 in Armour
  3064 | D:4      | Reached XP level 7. HP: 32/61 MP: 6/6
  3234 | D:4      | Slain by a gnoll

Illustrated notes

Levels and vault maps discovered:
D:1:      psy_arrival_statuary, layout_loops_ring, st_stairs_12
D:2:      minmay_skewed_foursquare, layout_basic, serial_aquarium,
          aquarium_bridge_straight [aquarium_subvault_bridge,
          aquarium_subvault_window, aquarium_subvault_bridge,
          aquarium_subvault_wall], aquarium_window_fake, aquarium_window_corner,
          aquarium_window_2, aquarium_view_2d, aquarium_view_2b,
          ebering_ecumenical_altar_hall, nrook_loot_triangle,
          grunt_decor_mini_mirrors
D:3:      layout_loops_ring, kennysheep_generic_room_7, uniq_ijyb
D:4:      layout_loops_cross, uniq_sigmund

Skill      XL: |  1  2  3  4  5  6 |
---------------+-------------------+-----
Armour         | 4 5 6 |  6.2
Axes           | 3 4 5 |  5.7
Fighting       | 4 5 |  5.1
Shields        | 4 5 |  5.1

Action                   |  1- 3 |  4- 6 |  7- 9 || total
-------------------------+-------+-------+-------++-------
Melee: War axe           |    49 |   155 |    14 ||   218
       Headbutt          |    13 |    18 |     1 ||    32
  Use: Scroll            |       |       |     1 ||     1
Armor: Scale mail        |    22 |    76 |     9 ||   107
Dodge: Dodged            |    27 |    71 |    13 ||   111
Block: Buckler           |    11 |    40 |    11 ||    62

Table legend: (Time is in decaauts)
 A = Elapsed time spent in this place.
 B = Non-inter-level travel time spent in this place.
 C = Inter-level travel time spent in this place.
 D = Time resting spent in this place.
 E = Time spent auto-exploring this place.
 F = Levels seen in this place.
 G = Mean time per level.
                   A        B        C        D        E       F      G
               +--------+--------+--------+--------+--------+-----+--------+
         Total |   3305 |   3197 |    108 |    153 |   2391 |   4 |  826.2 |
       Dungeon |   3305 |   3197 |    108 |    153 |   2391 |   4 |  826.2 |
               +--------+--------+--------+--------+--------+-----+--------+

Top non-repeatable levels by time:
     D:2: 1239 daAuts
     D:3: 967 daAuts
     D:1: 725 daAuts
     D:4: 372 daAuts
